 Dungeon Crawl Stone Soup version 0.30-a0-862-g1aabd4f9c5 (webtiles) character file.

Game seed: 17310479943869431793

1666 Newt the Skirmisher (level 8, -1/60 HPs)
             Began as a Demonspawn Gladiator on Mar 8, 2023.
             Killed from afar by a steam dragon (13 damage)
             ... with a ball of steam
             ... on level 6 of the Dungeon.
             The game lasted 00:06:58 (4212 turns).

Newt the Skirmisher (Demonspawn Gladiator)          Turns: 4212, Time: 00:06:58

Health: -1/60      AC:  5    Str: 17    XL:     8   Next: 69%
Magic:  0/8        EV: 17    Int: 10    God:
Gold:   195        SH:  0    Dex: 14    Spells: 7/7 levels left

rFire   . . .      SeeInvis .    q - +5 sling
rCold   . . .      Faith    .    (no shield)
rNeg    + . .      Spirit   +    b - +0 leather armour
rPois   .          Reflect  .    c - +0 helmet
rElec   .          Rampage  .    (no cloak)
rCorr   .                        (no gloves)
Will    .....                    v - +0 pair of boots
Stlth   ++                       x - amulet of the acrobat
HPRegen 0.30/turn                s - ring of positive energy
MPRegen 0.22/turn                u - +3 ring of evasion

@: no status effects
A: powered by death 1, magic shield, magic regeneration, demonic touch 1
a: no special abilities


You were on level 6 of the Dungeon.
You visited 1 branch of the dungeon, and saw 6 of its levels.

You collected 295 gold pieces.
You spent 100 gold pieces at shops.

Inventory:

Hand Weapons
 a - a +0 rapier
 q - a +5 sling (weapon)
Missiles
 d - a throwing net
 e - a javelin
 B - 2 boomerangs
Armour
 b - a +0 leather armour (worn)
 c - a +0 helmet (worn)
 g - a +0 chain mail
 v - a +0 pair of boots (worn)
Jewellery
 s - a ring of positive energy (left hand)
 u - a +3 ring of evasion (right hand)
 x - an amulet of the acrobat (around neck)
 y - a ring of see invisible
 C - a ring of ice
Wands
 D - a wand of polymorph (11)
Scrolls
 h - 2 scrolls of teleportation
 i - a scroll of fog
 k - 2 scrolls of amnesia
 l - 2 scrolls of blinking
 r - a scroll of immolation
 t - a scroll of poison
 E - a scroll of vulnerability {unknown}
Potions
 f - a potion of mutation
 j - a potion of haste
 m - a potion of lignification
 n - 4 potions of heal wounds
 o - a potion of cancellation
 p - a potion of flight
 w - a potion of brilliance {unknown}
 z - a potion of curing {unknown}
 A - a potion of degeneration {unknown}


   Skills:
 - Level 4.0 Fighting
 - Level 2.6 Short Blades
 - Level 8.0 Ranged Weapons
 - Level 1.7 Throwing
 + Level 5.7 Dodging
 - Level 1.5 Stealth


You had 7 spell levels left.
You didn't know any spells.
Your spell library contained the following spells:

 Spells                   Type           Power      Damage    Failure   Level
 Summon Small Mammal      Summ           0%         N/A       43%         1
 Call Canine Familiar     Summ           0%         N/A       80%         3
 Ignite Poison            Fire/Tmut/Pois 0%         N/A       80%         3
 Kindle Blastsparks       Fire/Tloc/Air  0%         2d10      80%         3
 Summon Guardian Golem    Hex/Summ       0%         N/A       80%         3
 Freezing Cloud           Conj/Ice/Air   0%         6-21      100%        5


Dungeon Overview and Level Annotations

Branches:
Dungeon (6/15)
 Temple: D:4-7

Altars:
Uskayaw

Shops:
D:1 =

Annotations:
D:6 2 transporters, jerryboi's ghost, novice OgAE


Innate Abilities, Weirdness & Mutations

You regenerate a little health from kills.
When hurt, damage is shared between your health and your magic reserves.
You regenerate magic rapidly.
Your touch may inflict minor irresistible damage on your foes.


Message History

The steam dragon is almost dead.
You are engulfed in a cloud of scalding steam.
The steam dragon barely misses you.
The steam dragon claws you but does no damage.
You shoot a sling bullet.
The sling bullet hits the steam dragon but does no damage.
The steam dragon is almost dead.
You are engulfed in a cloud of scalding steam.
The steam dragon breathes steam at you. The ball of steam hits you!!
You shoot a sling bullet. The sling bullet hits the steam dragon!
You kill the steam dragon!
You shoot a sling bullet.
The sling bullet hits the steam dragon but does no damage.
The steam dragon is lightly wounded.
The steam dragon bites you. The steam dragon closely misses you.
You shoot a sling bullet. The sling bullet hits the steam dragon.
The steam dragon is moderately wounded.
The steam dragon bites you!
* * * LOW HITPOINT WARNING * * *
The steam dragon barely misses you.
Throw: 3 throwing nets
Press: ? - help, Shift-Dir - straight line, f/p - steam dragon
Aim: a steam dragon (moderately wounded, 60% to hit)
You throw a throwing net.
The throwing net closely misses the steam dragon.
The steam dragon closely misses you. The steam dragon claws you.
* * * LOW HITPOINT WARNING * * *
Throw: 2 throwing nets
Press: ? - help, Shift-Dir - straight line, f/p - steam dragon
Aim: a steam dragon (moderately wounded, 60% to hit)
You throw a throwing net. The throwing net hits the steam dragon.
The steam dragon is caught in the net!
The steam dragon is moderately wounded.
The steam dragon struggles against the net.
You shoot a sling bullet. The sling bullet hits the steam dragon!
The steam dragon is severely wounded.
The steam dragon breathes steam at you. The ball of steam hits you!
You die...

######### #.@.....#
#D#####.##########
#.#........##....#
#.....#.#.....##.#
#...#......#..#..#
#...#.....#....#.#.
#..#..#...†........
#.....#.....#....##
P.##.....#####.#####


You could see a steam dragon (caught, catching breath).

Vanquished Creatures
  Grinder (D:4)
  A steam dragon (D:6)
  A water moccasin (D:5)
  A black bear (D:6)
  4 phantoms
  3 scorpions (D:5)
  A howler monkey (D:5)
  2 jellies
  A bullfrog skeleton (D:4)
  2 hounds
  2 orc priests
  2 iguanas
  A sleepcap (D:5)
  An orc wizard (D:3)
  Natasha (thrice) (D:4)
  A scorpion zombie (D:4)
  A hound skeleton (D:4)
  4 gnolls (D:3)
  8 adders
  2 adder zombies (D:4)
  4 dart slugs
  17 orcs
  6 ball pythons
  5 bats
  9 endoplasms
  4 giant cockroaches
  7 hobgoblins
  A quokka (D:4)
  9 frilled lizards
  9 goblins
  11 kobolds
  8 rats
132 creatures vanquished.

Vanquished Creatures (others)
  4 fungi (D:6)
4 creatures vanquished.

Grand Total: 136 creatures vanquished

Notes
Turn   | Place    | Note
-------+----------+-------------------------------------------
     0 | D:1      | Newt the Demonspawn Gladiator began the quest for the Orb.
     0 | D:1      | Reached XP level 1. HP: 16/16 MP: 1/1
    83 | D:1      | Reached skill level 1 in Stealth
   252 | D:1      | Found Kaaxigima's One-of-a-Kind Rings.
   347 | D:1      | Gained mutation: Your touch may inflict minor irresistible
                  | damage on your foes. [demonic ancestry]
   347 | D:1      | Reached XP level 2. HP: 22/22 MP: 2/2
   743 | D:2      | Reached XP level 3. HP: 25/29 MP: 3/3
   905 | D:2      | Found a faded altar of an unknown god.
  1200 | D:3      | Reached XP level 4. HP: 37/37 MP: 4/4
  1208 | D:3      | Reached skill level 1 in Ranged Weapons
  1292 | D:3      | Reached skill level 2 in Ranged Weapons
  1464 | D:1      | Bought a +3 ring of evasion for 100 gold pieces
  1565 | D:3      | Reached XP level 5. HP: 42/42 MP: 5/5
  1773 | D:3      | Reached skill level 3 in Ranged Weapons
  2191 | D:4      | Gained mutation: You regenerate a little health from kills.
                  | [demonic ancestry]
  2191 | D:4      | Reached XP level 6. HP: 41/48 MP: 6/6
  2202 | D:4      | Reached skill level 4 in Ranged Weapons
  2252 | D:4      | Noticed Natasha
  2264 | D:4      | Killed Natasha
  2446 | D:4      | Noticed Natasha
  2452 | D:4      | Killed Natasha
  2453 | D:4      | Reached skill level 5 in Ranged Weapons
  2512 | D:4      | Gained mutation: You regenerate magic rapidly. [demonic
                  | ancestry]
  2512 | D:4      | Reached XP level 7. HP: 31/54 MP: 7/7
  2882 | D:4      | Noticed Natasha
  2888 | D:4      | Killed Natasha
  2970 | D:4      | Noticed Grinder
  2980 | D:4      | Paralysed by Grinder for 2 turns
  2985 | D:4      | Killed Grinder
  3054 | D:4      | Reached skill level 6 in Ranged Weapons
  3351 | D:5      | Entered Level 5 of the Dungeon
  3422 | D:5      | Reached skill level 7 in Ranged Weapons
  3422 | D:5      | Gained mutation: When hurt, damage is shared between your
                  | health and your magic reserves. [demonic ancestry]
  3422 | D:5      | Reached XP level 8. HP: 28/60 MP: 8/8
  3802 | D:5      | Reached skill level 8 in Ranged Weapons
  3984 | D:5      | Found a hide-covered altar of Uskayaw.
  4084 | D:6      | Found a transporter.
  4084 | D:6      | Found a transporter.
  4116 | D:6      | Noticed jerryboi's ghost (novice OgAE)
  4141 | D:6      | Noticed a queen bee
  4188 | D:6      | Reached skill level 5 in Dodging
  4212 | D:6      | Killed from afar by a steam dragon

Illustrated notes

Levels and vault maps discovered:
D:1:      scummos_arrival_simple_fountains, layout_loops_cross,
          nicolae_shop_unique_rings
D:2:      layout_rooms, chequers_ecumenical_altar_twisty
D:3:      layout_basic, minmay_crystal_room, grunt_ministairs_11,
          bh_walls_and_bars
D:4:      layout_gridville, serial_undead, serial_undead_c, serial_undead_d,
          serial_undead_e, serial_undead_f, uniq_grinder, uniq_natasha
D:5:      layout_rooms, mainiacjoe_overflow_tiny_flanked
D:6:      kennysheep_steamy, layout_basic, nicolae_overflow_squiral,
          kennysheep_mini, temple_green, enter_ossuary_4, gammafunk_ghost_hive,
          palyth_stone_intersect, columned_hall_lemuel

Skill      XL: |  1  2  3  4  5  6  7  8 |
---------------+-------------------------+-----
Stealth        | 1 |  1.5
Fighting       | 3 4 |  4.0
Ranged Weapons | 2 3 5 7 8 |  8.0
Dodging        | 3 4 5 |  5.7
Short Blades   | |  2.6
Throwing       | |  1.7

Action                     |  1- 3 |  4- 6 |  7- 9 || total
---------------------------+-------+-------+-------++-------
  Melee: Rapier            |    80 |       |       ||    80
         Punch             |     2 |       |       ||     2
         Touch             |     9 |       |       ||     9
   Fire: Sling             |    13 |   224 |   171 ||   408
  Throw: Javelin           |       |       |     1 ||     1
         Throwing net      |       |       |     2 ||     2
    Use: Scroll            |     4 |     5 |     4 ||    13
         Potion            |       |     1 |     1 ||     2
   Stab: Sleeping          |     3 |       |       ||     3
         Distracted        |     1 |       |       ||     1
 Armour: Leather armour    |    19 |    34 |    18 ||    71
  Dodge: Dodged            |    57 |   112 |    88 ||   257

Table legend: (Time is in decaauts)
 A = Elapsed time spent in this place.
 B = Non-inter-level travel time spent in this place.
 C = Inter-level travel time spent in this place.
 D = Time resting spent in this place.
 E = Time spent auto-exploring this place.
 F = Levels seen in this place.
 G = Mean time per level.
                   A        B        C        D        E       F      G
               +--------+--------+--------+--------+--------+-----+--------+
         Total |   4298 |   3979 |    319 |    508 |   2540 |   6 |  716.3 |
       Dungeon |   4298 |   3979 |    319 |    508 |   2540 |   6 |  716.3 |
               +--------+--------+--------+--------+--------+-----+--------+

Top non-repeatable levels by time:
     D:4: 1285 daAuts
     D:3: 859 daAuts
     D:1: 781 daAuts
     D:5: 731 daAuts
     D:2: 505 daAuts
     D:6: 135 daAuts
